 Dungeon Crawl Stone Soup version 0.31.0-32-g396128a36d (webtiles) character file.

Game seed: 2423335511216297140

113778 Silvore the Bludgeoner (level 16, 0/155 HPs)
             Began as a Minotaur Fighter on Mar 12, 2024.
             Was the Champion of the Shining One.
             Slain by a demonic crawler (8 damage)
             ... on level 3 of the Spider Nest.
             The game lasted 00:34:58 (18334 turns).

Silvore the Bludgeoner (Minotaur Fighter)          Turns: 18334, Time: 00:34:59

Health: 0/155      AC: 34    Str: 32    XL:     16   Next: 14%
Magic:  5/5        EV: 14    Int:  5    God:    the Shining One [******]
Gold:   1293       SH: 13    Dex: 12    Spells: 15/15 levels left

rFire   . . .        M - +8 eveningstar "Lakhuf" {antimagic, Str+5}
rCold   + + .        V - +0 kite shield
rNeg    + + +        E - +1 crystal plate armour {rC+}
rPois   +            Q - +2 hat {Will+}
rElec   .            j - +0 cloak
rCorr   .            K - +0 pair of gloves
SInv    .            (no boots)
Will    ++...        q - amulet of regeneration Stlth
                     h - ring "Teuf" {rPois rC+ rN++ AC+4 Stlth-}
HPRegen 1.25/turn    P - +5 ring of evasion
MPRegen 0.09/turn

%: no passive effects
@: glowing
A: horns 2, retaliatory headbutt
a: Renounce Religion, Divine Shield, Cleansing Flame, Summon Divine Warrior,
Brand Weapon With Holy Wrath


You were on level 3 of the Spider Nest.
You worshipped the Shining One.
The Shining One was exalted by your worship.
You visited 4 branches of the dungeon, and saw 21 of its levels.
You also visited: Gauntlet and Ice Cave.

You collected 1445 gold pieces.
You donated 152 gold pieces to Zin.

Inventory:

Hand Weapons
 y - a +2 hand cannon of freezing
 M - the +8 eveningstar "Lakhuf" (weapon) {antimagic, Str+5}
   (You acquired it on level 10 of the Dungeon)

   Str+5:     It affects your strength (+5).
Armour
 j - a +0 cloak (worn)
 l - the +4 ring mail "Boczab" {rCorr Stlth+}
   (You found it in a Gauntlet)

   rCorr:     It protects you from acid and corrosion.
   Stlth+:    It makes you more stealthy.
 E - a +1 crystal plate armour of cold resistance (worn)
 K - a +0 pair of gloves (worn)
 Q - a +2 hat of willpower (worn)
 T - a +0 plate armour
 V - a +0 kite shield (worn)
Magical Staves
 n - a staff of cold
Jewellery
 a - a +4 ring of slaying
 c - the ring of the Okapi {Fire rElec SInv}
   (You found it in a Gauntlet)

   [ring of fire]

   Fire:      It enhances your fire magic.
   rF+:       It protects you from fire.
   rC-:       It makes you vulnerable to cold.
   rElec:     It insulates you from electricity.
   SInv:      It lets you see invisible.
 h - the ring "Teuf" (left hand) {rPois rC+ rN++ AC+4 Stlth-}
   (You acquired it on level 2 of the Dungeon)

   [ring of protection]

   AC+4:      It affects your AC (+4).
   rC+:       It protects you from cold.
   rPois:     It protects you from poison rN++: It greatly protects you from
   negative energy.
   Stlth-:    It makes you less stealthy.
 k - a ring of see invisible
 p - an amulet of faith
 q - an amulet of regeneration (around neck)
 P - a +5 ring of evasion (right hand)
 R - a +4 ring of slaying
 W - a ring of flight
Wands
 s - a wand of paralysis (22)
 A - a wand of light (5)
 F - a wand of flame (1)
 J - a wand of roots (4)
 L - a wand of digging (6)
Scrolls
 e - 4 scrolls of poison
 g - 6 scrolls of teleportation
 i - 5 scrolls of blinking
 m - 5 scrolls of fog
 z - a scroll of immolation
 G - 2 scrolls of revelation
 I - 2 scrolls of fear
 S - 4 scrolls of enchant weapon
 Y - 3 scrolls of amnesia
Potions
 b - 3 potions of might
 d - a potion of cancellation
 f - 4 potions of lignification
 o - 5 potions of curing
 r - 3 potions of invisibility
 t - 2 potions of ambrosia
 u - 5 potions of berserk rage
 v - 3 potions of enlightenment
 w - 3 potions of attraction
 x - 2 potions of brilliance
 B - 3 potions of heal wounds
 C - a potion of haste
 D - 3 potions of degeneration
 H - a potion of resistance
 N - a potion of magic {unknown}
Miscellaneous
 U - a box of beasts (inert)
 Z - a phial of floods


   Skills:
 + Level 17.5 Fighting
 + Level 19.7 Maces & Flails
 + Level 15.8 Armour
 + Level 7.5 Dodging
 + Level 2.0 Stealth
 + Level 15.8 Shields
 + Level 1.4 Unarmed Combat


You had 15 spell levels left.
You didn't know any spells.
Your spell library contained the following spells:

 Spells                   Type           Power      Damage    Failure   Level
 Freeze                   Ice            0%         1d3       100%        1
 Necrotise                Necr           0%         1d4       100%        1
 Slow                     Hex            0%         N/A       100%        1
 Static Discharge         Conj/Air       0%         3-3/arc   100%        2
 Confusing Touch          Hex            0%         N/A       100%        3
 Frozen Ramparts          Ice            0%         1d1       100%        3
 Fugue of the Fallen      Necr           0%         N/A       100%        3
 Hailstorm                Conj/Ice       0%         3d5       100%        3
 Ozocubu's Armour         Ice            0%         N/A       100%        3
 Sigil of Binding         Hex            0%         N/A       100%        3
 Swiftness                Air            0%         N/A       100%        3
 Teleport Other           Tloc           0%         N/A       100%        3
 Vampiric Draining        Necr           0%         2d6       100%        3
 Airstrike                Air            0%         2d(0-16)  100%        4
 Animate Armour           Summ/Erth      0%         N/A       100%        4
 Cause Fear               Hex            0%         N/A       100%        4
 Summon Lightning Spire   Summ/Air       0%         N/A       100%        4
 Vhi's Electric Charge    Tloc/Air       0%         N/A       100%        4
 Fireball                 Conj/Fire      0%         3d3       100%        5
 Lee's Rapid Deconstruct  Erth           0%         3d4*      100%        5
 Metabolic Englaciation   Hex/Ice        0%         N/A       100%        5
 Conjure Ball Lightning   Conj/Air       0%         3x3d6     100%        6
 Sculpt Simulacrum        Ice/Alch       0%         N/A       100%        6
 Malign Gateway           Summ/Tloc      0%         N/A       100%        7
 Discord                  Hex            0%         N/A       100%        8
 Disjunction              Tloc           0%         N/A       100%        8
 Infestation              Necr           0%         N/A       100%        8
 Dragon's Call            Summ           0%         N/A       100%        9


Dungeon Overview and Level Annotations

Branches:
Dungeon (15/15)            Temple (1/1) D:6            Lair (2/5) D:9
  Swamp (0/4) Lair:2       Spider (3/4) Lair:2          Orc (0/2) D:12
 Vaults (0/5) D:13         Depths (0/4) D:15          IceCv (visited)
Gauntlet (visited)

Altars:
Ashenzari
Cheibriados
Dithmenos
Elyvilon
Fedhas
Gozag
Hepliaklqana
Kikubaaqudgha
Makhleb
Nemelex Xobeh
Okawaru
Qazlal
Ru
Sif Muna
Trog
Uskayaw
Vehumet
Wu Jian
Xom
Yredelemnul
Zin
The Shining One

Shops:
D:14 (

Portals:
Trove: D:11 (give +6 demon trident)

Annotations:
D:8 2 transporters, Liamsmithers's ghost, novice HOFi


Innate Abilities, Weirdness & Mutations

You have a pair of horns on your head.
You reflexively headbutt those who attack you in melee.


Message History

The demonic crawler closely misses you. You block the demonic crawler's attack.
The wolf spider hits you but does no damage.
The wolf spider bites you but does no damage.
You block the demonic crawler's attack. The demonic crawler misses you.
The demonic crawler hits you but does no damage.
The redback bites you!
* * * LOW HITPOINT WARNING * * *
You block the wolf spider's attack. The wolf spider bites you.
* * * LOW HITPOINT WARNING * * *
You bludgeon the demonic crawler!!
The demonic crawler is almost dead.
A redback comes into view.
You block the demonic crawler's attack. x2; The demonic crawler hits you!
* * * LOW HITPOINT WARNING * * *
The wolf spider hits you but does no damage.
The wolf spider bites you but does no damage.
You block the redback's attack.
The wolf spider hits you but does no damage.
The wolf spider barely misses you.
You completely miss the demonic crawler.
You headbutt the demonic crawler, but do no damage.
The demonic crawler is severely wounded.
The demonic crawler misses you.
You block the demonic crawler's attack. x2
The jumping spider barely misses you. You block the jumping spider's attack.
The wolf spider closely misses you.
The wolf spider bites you but does no damage.
The redback bites you.
* * * LOW HITPOINT WARNING * * *
The wolf spider hits you but does no damage.
The wolf spider bites you but does no damage.
The demonic crawler hits you but does no damage. x3
You hit the demonic crawler.
You headbutt the demonic crawler, but do no damage.
The demonic crawler is severely wounded.
You block the jumping spider's attack.
The jumping spider bites you but does no damage.
You block the wolf spider's attack. The wolf spider completely misses you.
The redback completely misses you. You block the demonic crawler's attack.
The demonic crawler hits you!
You die...

##.###.##.......#
#...............##
##.......##....#..
..
##..#.##.#####.....
... #...######
#..... ^..# ##...#
# ###..† ....#
##†.###.## ##..
.s..^# ##s..^$...
###
#...###@ss......
#...#sss.......
#..†..........
#..†.........#
....#...........#
........#.....s..#
#.......##......##
##....^..##.....#
........ ..?..#


You could see a demonic crawler (berserk), 2 wolf spiders, a jumping spider and
3 redbacks.

Vanquished Creatures
  2 emperor scorpions (Spider:3)
  2 ghost moths
  A reaper (IceCv)
  A stone giant (D:15)
  A minotaur (Gauntlet)
  An eleionoma (Lair:2)
  Snorg (D:12)
  4 entropy weavers
  A vault guard (D:13)
  6 hydras
  2 catoblepae
  6 centaur warriors
  Erica (D:11)
  3 two-headed ogres
  8 boulder beetles
  A dancing weapon (D:13)
  5 tengu warriors (D:15)
  2 radroaches (Spider:1)
  7 demonic crawlers
  3 death yaks (D:9)
  Sonja (D:11)
  An occultist (D:15)
  A soul eater (Gauntlet)
  5 pharaoh ants
  A sixfirhy (Gauntlet)
  5 orb spiders
  A lindwurm (D:11)
  5 steelbarb worms
  3 deep elf pyromancers
  6 wolf spiders
  11 ugly things
  3 manticores
  4 moths of wrath
  Joseph (D:8)
  8 cyclopes
  3 meliai (Spider:2)
  4 black mambas
  A will-o-the-wisp (D:14)
  2 ice statues (IceCv)
  4 torpor snails
  4 cane toads (Lair:2)
  An anaconda simulacrum (IceCv)
  6 kobold demonologists
  2 minotaur zombies (Gauntlet)
  3 rime drakes (Lair:2)
  2 freezing wraiths (IceCv)
  A yaktaur (D:15)
  Psyche (D:8)
  4 komodo dragons
  5 ice devils (IceCv)
  3 trolls
  A polar bear (Lair:2)
  19 tarantellas
  A blink frog (Lair:2)
  2 dream sheep (D:10)
  20 jumping spiders
  Sigmund (D:2)
  4 slime creatures (D:13)
  3 dire elephant simulacra (IceCv)
  2 shadows
  3 wyverns
  50 yaks
  A vampire (D:13)
  12 culicivoras
  3 wraiths
  Grum (Lair:1)
  54 redbacks
  2 basilisks (Lair:2)
  A death yak simulacrum (IceCv)
  13 vampire mosquitoes
  2 steam dragons
  3 harpy simulacra (IceCv)
  8 water moccasins
  3 hydra simulacra (IceCv)
  Duvessa (D:6)
  A swamp drake (D:14)
  2 orc warriors
  A sky beast (D:8)
  An ice beast (D:6)
  A meliai simulacrum (D:14)
  5 black bears
  A hornet zombie (D:7)
  7 laughing skulls
  An ogre (D:7)
  17 centaurs
  23 wolves
  A phantom (D:5)
  A weeping skull (Gauntlet)
  19 kobold brigands
  2 gnoll sergeants
  16 bullfrogs
  A scorpion (D:4)
  19 wights
  Dowan (D:6)
  9 killer bees
  3 howler monkeys (D:7)
  3 lava snakes (D:11)
  2 jellies (D:4)
  3 centaur zombies (D:7)
  A bombardier beetle (D:3)
  4 hounds
  6 orc priests
  A gnoll bouda (D:6)
  4 iguanas
  A sleepcap (D:5)
  Ijyb (D:4)
  2 hell rats
  11 orc wizards
  A spriggan simulacrum (IceCv)
  Robin (D:3)
  2 howler monkey zombies (D:7)
  18 gnolls
  4 adders
  3 naga simulacra (IceCv)
  2 river rats (D:9)
  2 shadow imps (Gauntlet)
  A white imp (D:6)
  6 ufetubi
  2 dart slugs
  A ribbon worm (D:3)
  33 orcs
  12 endoplasms
  3 giant cockroaches
  15 goblins
  13 hobgoblins
  6 jackals
  5 quokkas
  9 ball pythons
  4 bats
  2 frilled lizards
  20 kobolds
  5 rats
711 creatures vanquished.

Vanquished Creatures (others)
  A redback (Spider:2)
  3 foxfires (D:14)
4 creatures vanquished.

Grand Total: 715 creatures vanquished

Notes
Turn   | Place    | Note
-------+----------+-------------------------------------------
     0 | D:1      | Silvore the Minotaur Fighter began the quest for the Orb.
     0 | D:1      | Reached XP level 1. HP: 19/19 MP: 0/0
   304 | D:1      | Reached XP level 2. HP: 27/27 MP: 1/1
   688 | D:1      | Reached skill level 3 in Maces & Flails
  1061 | D:2      | Reached XP level 3. HP: 33/33 MP: 2/2
  1346 | D:2      | Noticed Sigmund
  1358 | D:2      | Reached XP level 4. HP: 37/40 MP: 3/3
  1361 | D:2      | Killed Sigmund
  1362 | D:2      | Reached skill level 5 in Maces & Flails
  1362 | D:2      | Reached XP level 5. HP: 45/47 MP: 4/4
  1633 | D:2      | Reached XP level 6. HP: 31/53 MP: 5/5
  1638 | D:2      | Reached skill level 1 in Dodging
  2000 | D:2      | Identified a scroll of acquirement
  2000 | D:2      | Acquired the ring "Teuf" {rPois rC+ rN++ AC+4 Stlth-}
  2025 | D:3      | Noticed Robin
  2038 | D:2      | Reached skill level 5 in Armour
  2063 | D:3      | Killed Robin
  2114 | D:3      | Found a faded altar of an unknown god.
  2987 | D:4      | Reached skill level 6 in Maces & Flails
  2998 | D:4      | Reached skill level 5 in Shields
  2998 | D:4      | Reached XP level 7. HP: 24/60 MP: 6/6
  3163 | D:4      | Found a shadowy altar of Dithmenos.
  3175 | D:4      | Found an ornate altar of the Wu Jian Council.
  3178 | D:4      | Found a sparkling altar of Nemelex Xobeh.
  3432 | D:4      | Reached skill level 5 in Fighting
  3653 | D:4      | Noticed Ijyb
  3661 | D:4      | Killed Ijyb
  4158 | D:5      | Entered Level 5 of the Dungeon
  4166 | D:5      | Reached skill level 7 in Maces & Flails
  4452 | D:5      | Reached XP level 8. HP: 69/69 MP: 7/7
  4688 | D:6      | Reached skill level 8 in Maces & Flails
  4732 | D:6      | Noticed Duvessa
  4735 | D:6      | Noticed Dowan
  4746 | D:6      | Killed Duvessa
  4751 | D:6      | Killed Dowan
  4778 | D:6      | Found a staircase to the Ecumenical Temple.
  4788 | Temple   | Entered the Ecumenical Temple
  4835 | Temple   | Became a worshipper of Zin the Law-Giver
  4835 | Temple   | Reached * piety under Zin
  4836 | Temple   | Donated 125 gold pieces to Zin
  4893 | D:6      | Reached skill level 1 in Stealth
  5084 | D:6      | Reached skill level 9 in Maces & Flails
  5098 | D:6      | Reached ** piety under Zin
  5099 | D:6      | Reached XP level 9. HP: 75/75 MP: 8/8
  5508 | Temple   | Fell from the grace of Zin
  5508 | Temple   | Became a worshipper of the Shining One
  5655 | D:7      | Reached * piety under the Shining One
  5749 | D:7      | Reached skill level 10 in Maces & Flails
  5983 | D:7      | Found a white marble altar of Elyvilon.
  6417 | D:8      | Reached ** piety under the Shining One
  6559 | D:8      | Reached XP level 10. HP: 83/86 MP: 9/9
  6628 | D:8      | Found a bloodstained altar of Trog.
  6751 | D:8      | Found a transporter.
  6756 | D:8      | Noticed Liamsmithers's ghost (novice HOFi)
  6758 | D:8      | Noticed a moth of wrath
  6771 | D:8      | Found a transporter.
  6795 | D:8      | Noticed Psyche
  6807 | D:8      | Killed Psyche
  6808 | D:8      | Reached skill level 11 in Maces & Flails
  6868 | D:8      | Reached skill level 5 in Dodging
  6885 | D:8      | Reached skill level 1 in Unarmed Combat
  7234 | D:8      | Noticed Joseph
  7256 | D:8      | Killed Joseph
  7257 | D:8      | Reached skill level 10 in Armour
  7402 | D:9      | Reached skill level 12 in Maces & Flails
  7460 | D:9      | Found a broken altar of Ashenzari.
  7725 | D:9      | Reached *** piety under the Shining One
  7747 | D:9      | Reached XP level 11. HP: 88/95 MP: 10/10
  7791 | D:9      | Found a hazy altar of Hepliaklqana.
  7843 | D:9      | Noticed a death yak
  7845 | D:9      | Noticed a death yak
  7846 | D:9      | Noticed a death yak
  7857 | D:9      | Killed a death yak
  7868 | D:9      | Killed a death yak
  7880 | D:9      | Killed a death yak
  7881 | D:9      | Reached skill level 13 in Maces & Flails
  7890 | D:9      | Found a staircase to the Lair.
  7912 | D:9      | Found a snail-covered altar of Cheibriados.
  8075 | D:10     | Entered Level 10 of the Dungeon
  8427 | D:10     | Noticed a three-headed hydra
  8432 | D:10     | Killed a three-headed hydra
  8433 | D:10     | Reached skill level 14 in Maces & Flails
  8586 | D:10     | Acquired the +8 eveningstar "Lakhuf" {antimagic, Str+5}
  8616 | D:11     | Reached skill level 10 in Fighting
  8759 | D:11     | Reached **** piety under the Shining One
  8925 | D:11     | Noticed Erica
  8934 | D:11     | Killed Erica
  8935 | D:11     | Reached XP level 12. HP: 55/107 MP: 3/11
  8990 | D:11     | Noticed a two-headed ogre
  8995 | D:11     | Killed a two-headed ogre
  9014 | D:11     | Found a portal to a secret trove of treasure.
  9360 | D:11     | Reached skill level 15 in Maces & Flails
  9543 | D:11     | Found a runed translucent door.
  9583 | D:11     | Noticed Sonja
  9590 | D:11     | Killed Sonja
  9611 | D:11     | Found a runed translucent gate.
  9611 | D:11     | Found a runed translucent gate.
  9611 | D:11     | Found a runed translucent gate.
  9611 | D:11     | Found a runed translucent gate.
  9611 | D:11     | Noticed a boulder beetle
  9612 | D:11     | Found a runed translucent gate.
  9612 | D:11     | Noticed a boulder beetle
  9614 | D:11     | Found a runed translucent gate.
  9631 | D:11     | Killed a boulder beetle
  9642 | D:11     | Killed a boulder beetle
  9796 | D:12     | Noticed a centaur warrior
  9801 | D:12     | Found a staircase to the Orcish Mines.
  9805 | D:12     | Killed a centaur warrior
  9849 | D:12     | Noticed a two-headed ogre
  9861 | D:12     | Killed a two-headed ogre
  9873 | D:12     | Reached skill level 16 in Maces & Flails
 10195 | D:12     | Noticed a five-headed hydra
 10202 | D:12     | Killed a five-headed hydra
 10232 | D:12     | Noticed Snorg
 10241 | D:12     | Killed Snorg
 10426 | D:13     | Found a gate to the Vaults.
 10427 | D:13     | Noticed a vault guard
 10435 | D:13     | Killed a vault guard
 10436 | D:13     | Reached XP level 13. HP: 94/118 MP: 4/12
 10520 | D:13     | Reached skill level 10 in Shields
 10627 | D:13     | Reached ***** piety under the Shining One
 10945 | D:14     | Reached skill level 17 in Maces & Flails
 11045 | D:14     | Got Sif Muna's Omnibus of Twisted Anemomancy
 11161 | D:14     | Found Secoefi's Weapon Boutique.
 11481 | D:15     | Entered Level 15 of the Dungeon
 11951 | D:15     | Reached XP level 14. HP: 104/130 MP: 4/13
 12222 | D:15     | Found a staircase to the Depths.
 12222 | D:15     | Noticed a stone giant
 12238 | D:15     | Killed a stone giant
 12438 | Lair:1   | Entered Level 1 of the Lair of Beasts
 12493 | Lair:1   | Found a gate leading to a gauntlet.
 12529 | Gauntlet | Entered a Gauntlet
 12529 | Gauntlet | Found a transporter.
 12542 | Gauntlet | Found a transporter.
 12553 | Gauntlet | Found a transporter.
 12561 | Gauntlet | Found a transporter.
 12576 | Gauntlet | Found a transporter.
 12596 | Gauntlet | Found a transporter.
 12611 | Gauntlet | Found a transporter.
 12620 | Gauntlet | Found a transporter.
 12623 | Gauntlet | Noticed a quicksilver ooze
 12632 | Gauntlet | Found a transporter.
 12644 | Gauntlet | Found a transporter.
 12662 | Gauntlet | Found a transporter.
 12680 | Gauntlet | Found a transporter.
 12682 | Gauntlet | Found a transporter.
 12714 | Gauntlet | Found a transporter.
 12716 | Gauntlet | Found a transporter.
 12718 | Gauntlet | Found a transporter.
 12746 | Gauntlet | Found a transporter.
 12748 | Gauntlet | Found a transporter.
 12777 | Gauntlet | Reached ****** piety under the Shining One
 12896 | Gauntlet | Identified the ring of the Okapi {Fire rElec SInv}
 13009 | Gauntlet | Identified the +4 ring mail "Boczab" {rCorr Stlth+}
 13010 | Gauntlet | Got the Collected Works on Posthumous Turbulence
 13080 | Lair:1   | Noticed Grum
 13093 | Lair:1   | Killed Grum
 13094 | Lair:1   | Reached skill level 18 in Maces & Flails
 13296 | Lair:1   | Found an iron altar of Okawaru.
 13767 | Lair:2   | Found a frozen archway.
 13779 | Lair:2   | Reached skill level 15 in Fighting
 13781 | IceCv    | Entered an ice cave
 14048 | IceCv    | Noticed a reaper
 14052 | IceCv    | Killed a reaper
 14228 | Lair:2   | Found a staircase to the Swamp.
 14388 | Lair:2   | Identified the +4 dagger of Helad {freeze, rC++ SInv}
 14639 | Lair:2   | Found a hole to the Spider Nest.
 14934 | Lair:2   | Reached XP level 15. HP: 143/143 MP: 4/14
 15157 | Spider:1 | Entered Level 1 of the Spider Nest
 15525 | Spider:1 | Reached skill level 15 in Armour
 15546 | Spider:1 | Reached skill level 19 in Maces & Flails
 17254 | Spider:2 | Reached skill level 15 in Shields
 17516 | Spider:3 | Noticed an emperor scorpion
 17570 | Spider:3 | Killed an emperor scorpion
 17787 | Spider:3 | Reached XP level 16. HP: 112/155 MP: 5/15
 18333 | Spider:3 | HP: 7/155 [redback (5)]
 18334 | Spider:3 | Slain by a demonic crawler

Illustrated notes

Levels and vault maps discovered:
D:1:      minmay_arrival_floating_metal, layout_basic, grunt_decor_arrowhead
D:2:      layout_basic, serial_glass, glass_columns_b, glass_columns_b,
          uniq_sigmund
D:3:      layout_loops_corners, shapermc_ecumenical_altar_acropolis, uniq_robin
D:4:      layout_layer_cave, minitemple, uniq_ijyb
D:5:      layout_rooms, minmay_misc_feat_doors, hangedman_abyss_or_decor_passed
D:6:      layout_loops_ring, minmay_temple_entry_statues_fountains, uniq_duvessa
D:7:      layout_basic, mainiacjoe_overflow_concentric_impassable,
          serial_undead, serial_undead_e, serial_undead_c, serial_undead_e,
          serial_undead_f
D:8:      layout_basic, nicolae_overflow_crystal_walls,
          gammafunk_ghost_berserking_beasts, uniq_joseph, uniq_psyche
D:9:      layout_basic, cheibriados_altar_1, nzn_hepliaklqana_mist_gate,
          evilmike_ruin_ashenzari, dpeg_lair_monsters, minmay_misc_feat_cross
D:10:     layout_basic, hangedman_ranch
D:11:     gammafunk_indiana_jones, layout_long_grid, enter_trove_0, special_room
          [special_room_kobold], columned_hall_lemuel, dk_noncrumbling_2,
          nicolae_kite_square_tiling_tiny, uniq_sonja, uniq_erica
D:12:     layout_basic, orc_0_dummy, uniq_snorg
D:13:     layout_basic, erik_vaults_1
D:14:     layout_rooms, roderic_lattice_octagonal_star, serial_shops, shop, pond
D:15:     grunt_enter_depths_snipers, layout_basic
Temple:   dpeg_chambers_temple
Lair:1:   layout_chaotic_city, gauntlet_entry_generic, basic_altar,
          minivault_24, uniq_grum
Lair:2:   layout_concentric_octagons, alex1729_swamp_entry_worm_eleionoma,
          nicolae_spider_entry_orb_guardian, portal_ice_cave_rime,
          nzn_random_ring, infiniplex_staircase_pool, grunt_megastairs_5
Spider:1: layout_chambers, guppyfry_spider_mini_2
Spider:2: layout_cave_pods
Spider:3: layout_spider_delve, nicolae_arachne_temple, uniq_mlioglotl

Skill      XL: |  1  2  3  4  5  6  7  8  9 10 11 12 13 14 15 |
---------------+----------------------------------------------+-----
Armour         | 4 5 6 8 9 10 11 12 13 14 15 | 15.8
Shields        | 4 5 6 7 8 9 11 13 15 | 15.8
Fighting       | 4 5 6 7 8 10 12 13 15 17 | 17.5
Maces & Flails | 3 5 6 7 9 10 12 14 16 17 18 19 | 19.7
Dodging        | 1 3 4 5 6 7 |  7.5
Stealth        | 1 2 |  2.0
Unarmed Combat | 1 |  1.4

Action                     |  1- 3 |  4- 6 |  7- 9 | 10-12 | 13-15 | 16-18 || total
---------------------------+-------+-------+-------+-------+-------+-------++-------
  Melee: Flail             |    86 |   103 |   246 |       |       |       ||   435
         Headbutt          |    12 |    18 |    86 |   154 |   240 |    22 ||   532
         Mace              |       |       |   177 |   150 |       |       ||   327
         Unarmed           |       |       |       |     9 |       |       ||     9
         Morningstar       |       |       |       |   103 |       |       ||   103
         Eveningstar       |       |       |       |   206 |   934 |    72 ||  1212
 Invoke: Donate Gold       |       |       |     1 |       |       |       ||     1
  Evoke: Box of beasts     |       |       |       |       |       |     1 ||     1
    Use: Scroll            |     5 |     4 |     4 |     7 |    12 |       ||    32
         Potion            |     1 |     2 |     4 |       |       |     1 ||     8
 Armour: Scale mail        |    57 |   134 |   335 |     5 |       |       ||   531
         Chain mail        |       |       |       |   388 |    34 |       ||   422
         Skin              |       |       |       |     3 |       |       ||     3
         Plate armour      |       |       |       |       |   224 |       ||   224
         Crystal plate arm |       |       |       |       |   450 |    97 ||   547
  Dodge: Dodged            |    45 |    84 |   201 |   223 |   555 |    74 ||  1182
  Block: Buckler           |    20 |    45 |   105 |   136 |       |       ||   306
         Kite shield       |       |       |       |    14 |   678 |    90 ||   782
